 Dungeon Crawl Stone Soup version 0.31-a0-931-g7b59d4eb97 (webtiles) character file.

Game seed: 10123884077278152503

1020 pokeman the Thaumaturge (level 8, -1/44 HPs)
             Began as a Deep Elf Hedge Wizard on Oct 19, 2023.
             Asphyxiated
             ... on level 6 of the Dungeon.
             The game lasted 00:10:04 (5189 turns).

pokeman the Thaumaturge (Deep Elf Hedge Wizard)     Turns: 5189, Time: 00:10:05

Health: -1/44      AC: 12    Str:  7    XL:     8   Next: 2%
Magic:  23/23      EV: 13    Int: 28    God:
Gold:   324        SH:  0    Dex: 14    Spells: 17/25 levels left

rFire   . . .        a - +1 dagger (venom)
rCold   . . .        (no shield)
rNeg    . . .        b - +0 robe
rPois   .            c - +0 hat
rElec   .            (no cloak)
rCorr   .            t - +2 pair of gloves
SInv    .            v - +2 pair of boots
Will    .....        (no amulet)
Stlth   ++           e - +4 ring of protection
HPRegen 0.27/turn    g - +6 ring of intelligence
MPRegen 0.18/turn

%: no passive effects
@: lethally poisoned (-1 -> -16), slowed, very slow
A: no striking features
a: no special abilities


You were on level 6 of the Dungeon.
You visited 2 branches of the dungeon, and saw 7 of its levels.

You collected 324 gold pieces.

Inventory:

Hand Weapons
 a - a +1 dagger of venom (weapon)
 u - a +2 dagger of electrocution
Armour
 b - a +0 robe (worn)
 c - a +0 hat (worn)
 t - a +2 pair of gloves (worn)
 v - a +2 pair of boots (worn)
Jewellery
 e - a +4 ring of protection (left hand)
 g - a +6 ring of intelligence (right hand)
Wands
 w - a wand of roots (9)
 y - a wand of flame (5)
Scrolls
 f - 2 scrolls of fog {unknown}
 i - 2 scrolls of teleportation {unknown}
 j - 3 scrolls of identify {unknown}
 l - 3 scrolls of vulnerability {unknown}
 m - a scroll of poison {unknown}
 r - 2 scrolls of enchant armour {unknown}
Potions
 d - a potion of magic
 h - 3 potions of degeneration {unknown}
 k - a potion of mutation {unknown}
 n - 2 potions of curing {unknown}
 o - a potion of haste {unknown}
 p - 3 potions of attraction {unknown}
 q - 2 potions of resistance {unknown}
 s - a potion of brilliance {unknown}
 x - a potion of berserk rage {unknown}
 z - a potion of enlightenment {unknown}
 A - a potion of ambrosia {unknown}


   Skills:
 - Level 2.0 Fighting
 + Level 2.2 Armour
 - Level 3.0 Dodging
 - Level 3.1 Stealth
 * Level 9.3 Spellcasting
 + Level 4.8 Conjurations
 - Level 1.1 Summonings
 - Level 1.1 Translocations
 - Level 1.0 Air Magic
 - Level 1.0 Poison Magic
 - Level 1.0 Evocations


You had 17 spell levels left.
You knew the following spells:

 Your Spells              Type           Power      Damage    Failure   Level
a - Magic Dart            Conj           100%       1d8       1%          1
b - Mephitic Cloud        Conj/Pois/Air  25%        N/A       4%          3
c - Call Imp              Summ           38%        N/A       4%          2
d - Blink                 Tloc           38%        N/A       4%          2

Your spell library contained the following spells:

 Spells                   Type           Power      Damage    Failure   Level
 Slow                     Hex            52%        N/A       4%          1
 Cigotuvi's Dreadful Rot  Necr/Pois/Air  32%        N/A       4%          2
 Sublimation of Blood     Necr           13%        N/A       6%          2
 Wereblood                Tmut           13%        N/A       6%          2
 Summon Hydra             Summ           9%         N/A       100%        7


Dungeon Overview and Level Annotations

Branches:
Dungeon (6/15)             Temple (1/1) D:5

Altars:
Cheibriados
Elyvilon
Gozag
Hepliaklqana
Kikubaaqudgha
Makhleb
Okawaru
Trog
Uskayaw
Wu Jian
Xom
Yredelemnul
Zin
The Shining One

Shops:
D:2 :*[=(   D:4 (


Message History

A kobold brigand and a kobold come into view.
The kobold brigand is wielding a +0 short sword and quivering curare-tipped darts.
The kobold shouts!
The kobold brigand throws a curare-tipped dart.
The curare-tipped dart hits you.
You are poisoned.
You have difficulty breathing.
You feel yourself slow down.
A kobold comes into view. It is wielding a +0 whip.
A kobold comes into view. It is wielding a +0 club.
Casting: Magic Dart (safe; 1% risk of failure)
Confirm with . or Enter, or press ? or * to list all spells.
Aiming: Magic Dart (safe; 1% risk of failure)
Press: ? - help, Shift-Dir - straight line, f - kobold
Aim: a kobold, wielding a +0 short sword (100% to hit)
The magic dart hits the kobold!
You kill the kobold!
The kobold shouts! x2
You feel very sick.
You hear a bark!
The kobold brigand throws a curare-tipped dart.
The curare-tipped dart hits you.
You are more poisoned.
You have difficulty breathing.
You feel as though you will be slow longer.
The kobold throws a stone.
The stone closely misses you.
You feel extremely sick.
You feel very sick.
* * * LOW HITPOINT WARNING * * *
You feel very sick.
* * * LOW HITPOINT WARNING * * *
You feel very sick.
The kobold throws a stone.
The stone misses you.
There is a stone staircase leading up here.
Unknown command.
You feel sick.
The kobold brigand throws a curare-tipped dart.
The curare-tipped dart hits you.
You are lethally poisoned!
You have difficulty breathing.
You die...

.. #.# ...####
####.####
......##.......#
.....#.......#
#..#.......#
#..........#
.$#.##.......#
K....#.......#
.....K..@.)...##
.).).K...........#
.K#).#.#######...#
K ...## #...# K##.
#...# #...# #...#
#...# ....#


You could see a kobold brigand and 2 kobolds.

Vanquished Creatures
  2 water moccasins (D:5)
  An ice beast (D:5)
  2 ogres (D:5)
  A centaur (D:5)
  A scorpion (D:5)
  A howler monkey (D:4)
  2 hounds
  An orc priest (D:3)
  A jelly (D:4)
  A sleepcap (D:6)
  3 iguanas
  2 orc wizards (D:3)
  3 adders (D:3)
  3 worms
  2 dart slugs
  6 orcs
  4 endoplasms
  7 goblins
  3 hobgoblins
  6 jackals
  17 kobolds
  A quokka (D:2)
  7 ball pythons
  2 bats (D:1)
  3 frilled lizards
  3 rats
85 creatures vanquished.

Notes
Turn   | Place    | Note
-------+----------+-------------------------------------------
     0 | D:1      | pokeman the Deep Elf Hedge Wizard began the quest for the
                  | Orb.
     0 | D:1      | Reached XP level 1. HP: 10/10 MP: 7/7
   555 | D:1      | Reached XP level 2. HP: 16/16 MP: 6/9
   959 | D:2      | Found Vami Jet's Book Shoppe.
  1041 | D:2      | Found Mimoc's Weapon Shoppe.
  1074 | D:2      | Found Boroibos's Jewellery Shop.
  1084 | D:2      | Found Giywkide's Antique Armour Emporium.
  1104 | D:2      | Found Dyone's Assorted Antiques.
  1165 | D:2      | Reached skill level 5 in Spellcasting
  1312 | D:2      | Reached XP level 3. HP: 20/20 MP: 1/11
  1419 | D:2      | Learned a level 3 spell: Mephitic Cloud
  1422 | D:2      | Learned a level 2 spell: Call Imp
  1425 | D:2      | Learned a level 2 spell: Blink
  1912 | D:3      | Reached skill level 1 in Fighting
  1929 | D:3      | Reached skill level 1 in Armour
  2281 | D:3      | Reached XP level 4. HP: 25/25 MP: 10/13
  2344 | D:3      | Reached skill level 6 in Spellcasting
  2344 | D:3      | Reached XP level 5. HP: 23/29 MP: 4/15
  2768 | D:3      | Found an ornate altar of the Wu Jian Council.
  2979 | D:4      | Reached skill level 1 in Poison Magic
  3174 | D:4      | Reached skill level 1 in Air Magic
  3192 | D:4      | Found Loqoal's Antique Weapon Shoppe.
  3217 | D:4      | Reached XP level 6. HP: 22/34 MP: 11/17
  3772 | D:5      | Entered Level 5 of the Dungeon
  3883 | D:5      | Reached skill level 7 in Spellcasting
  3883 | D:5      | Reached skill level 1 in Evocations
  4048 | D:5      | Found a staircase to the Ecumenical Temple.
  4052 | D:5      | Noticed an ice beast
  4070 | D:5      | Killed an ice beast
  4087 | Temple   | Entered the Ecumenical Temple
  4087 | Temple   | Noticed a Hell Sentinel
  4087 | Temple   | Noticed a blizzard demon
  4088 | Temple   | Noticed Oruggets the pandemonium lord
  4088 | Temple   | Noticed Kimic the pandemonium lord
  4088 | Temple   | Noticed a Hell Sentinel
  4089 | Temple   | Noticed a red devil
  4093 | Temple   | Noticed a balrug
  4093 | Temple   | Noticed Nunioffote the pandemonium lord
  4099 | Temple   | Noticed a sun demon
  4100 | Temple   | Noticed Diepieh the pandemonium lord
  4104 | Temple   | Noticed a soul eater
  4206 | D:5      | Reached XP level 7. HP: 29/40 MP: 15/20
  4210 | D:5      | Reached skill level 8 in Spellcasting
  4555 | D:5      | Reached skill level 9 in Spellcasting
  4963 | D:5      | Found a hazy altar of Hepliaklqana.
  5119 | D:6      | Reached XP level 8. HP: 31/44 MP: 15/23
  5189 | D:6      | Asphyxiated

Illustrated notes

Levels and vault maps discovered:
D:1:      dpeg_arrival_concentric_ovals, layout_basic, minivault_24
D:2:      layout_basic, serial_shops, shop, shop, nicolae_shop_hallway_plus,
          shop, nicolae_shop_pleasant_corner_grove, minmay_hexomino_c4
D:3:      layout_basic, lemuel_coloured_pillars_altar
D:4:      layout_loops_ring, serial_shops, shop
D:5:      layout_basic, mainiacjoe_overflow_paths, temple_statues, serial_glass,
          glass_columns_c, glass_columns_b
D:6:      layout_loops_ring, grunt_temple_overflow_open
Temple:   nicolae_temple_panitentiary

Skill      XL: |  1  2  3  4  5  6  7 |
---------------+----------------------+-----
Spellcasting   | 5 6 7 9 |  9.3
Fighting       | 1 2 |  2.0
Conjurations   | 2 3 4 |  4.8
Armour         | 1 2 |  2.2
Stealth        | 3 |  3.1
Dodging        | 3 |  3.0
Poison Magic   | 1 |  1.0
Air Magic      | 1 |  1.0
Evocations     | 1 |  1.0
Summonings     | |  1.1
Translocations | |  1.1

Action                     |  1- 3 |  4- 6 |  7- 9 || total
---------------------------+-------+-------+-------++-------
  Melee: Dagger            |     2 |    27 |    12 ||    41
   Cast: Magic Dart        |   103 |    65 |    40 ||   208
         Mephitic Cloud    |       |     8 |     1 ||     9
         Call Imp          |       |     2 |     2 ||     4
         Blink             |       |     2 |     1 ||     3
   Stab: Confused          |       |     4 |     4 ||     8
 Armour: Robe              |     6 |    29 |    13 ||    48
  Dodge: Dodged            |     6 |    24 |    12 ||    42

Table legend: (Time is in decaauts)
 A = Elapsed time spent in this place.
 B = Non-inter-level travel time spent in this place.
 C = Inter-level travel time spent in this place.
 D = Time resting spent in this place.
 E = Time spent auto-exploring this place.
 F = Levels seen in this place.
 G = Mean time per level.
                   A        B        C        D        E       F      G
               +--------+--------+--------+--------+--------+-----+--------+
         Total |   5189 |   4984 |    205 |     94 |   4321 |   7 |  741.3 |
       Dungeon |   5078 |   4879 |    199 |      0 |   4321 |   6 |  846.3 |
        Temple |    110 |    104 |      6 |     94 |      0 |   1 |  110.0 |
               +--------+--------+--------+--------+--------+-----+--------+

Top non-repeatable levels by time:
     D:5: 1193 daAuts
     D:3: 1054 daAuts
     D:1: 1013 daAuts
     D:4: 948 daAuts
     D:2: 753 daAuts
     D:6: 115 daAuts
  Temple: 110 daAuts
